Cogmind - Beta 13 @@@ ROGUE MODE // 2024.04.18 @ 19:23:34 Player: Exceptionally Mediocre Result: Destroyed by G-67 Veteran with Plasma Rifle Performance ------------- Evolutions (5) 2500 Regions Visited (12) 2400 Robots Destroyed (172) 860 Value Destroyed (4333) 4333 Prototype IDs (45) 900 Alien Tech Used (0) 0 Bonus (1246) 1246 TOTAL SCORE: 12239 Bonus ------- High Alert Combat Kills 72 Follower Combat Kills 614 Aligned with FarCom 300 Met Data Miner 300 Friendly Fire -40 Cogmind --------- Core Integrity 0/1000 Matter 68/300 Energy 9/100 System Corruption 6% Temperature Cool (0) Movement Core (50) Location -5/Factory Parts ------- > --- POWER (2) -------- (None) > --- PROPULSION (5) --- (None) > --- UTILITY (8) ------ Improved Target Analyzer Improved Transmission Jammer Graphene Brace EM Disruption Field > --- WEAPON (2) ------- (None) > --- INVENTORY (5) ---- Matter Compressor (72) Improved Recalibrator Long-range Proton Cannon Heavy Phase Cannon Spear Peak State ------------ > --- POWER ------------ Makeshift Power Source Light Fission Core > --- PROPULSION ------- Cooled VTOL Module Cooled VTOL Module Cooled VTOL Module Cooled VTOL Module Cooled VTOL Module > --- UTILITY ---------- Large Storage Unit Improved Signal Interpreter Improved Propulsion Shielding Graphene Brace EM Disruption Field Hacking Suite Hacking Suite System Shield > --- WEAPON ----------- KE Penetrator Makeshift Hammer > --- INVENTORY -------- Reinforced Deuterium Engine Reinforced Deuterium Engine Nuclear Pulse Array Improved Cooling System Improved Energy Well Matter Compressor Hardened Light Armor Plating Improved Recalibrator Gatling Laser Greatsword Spear [Rating: 78] Favorites ----------- Power Light Nuclear Core Engine Light Ion Engine Power Core Light Nuclear Core Propulsion Light Treads Treads Light Treads Wheel Armored Wheel Hover Unit Improved Hover Unit Flight Unit Cooled VTOL Module Utility Hacking Suite Device Structural Scanner Storage Huge Storage Unit Processor Improved Signal Interpreter Hackware Hacking Suite Protection Light Armor Plating Weapon Beam Rifle Energy Gun Beam Rifle Energy Cannon Cooled Particle Cannon Ballistic Gun Makeshift Shrapnel Gun Ballistic Cannon Light Cannon Launcher Rocket Launcher Special Weapon Field Lobotomy Kit Impact Weapon Makeshift Hammer Slashing Weapon Scythe Piercing Weapon Spear Build | -11 -10 -10 -10 -9 -8 -7 -7 -7 -7 -6 -6 -5 ------- Run | Yrd Mat Min Exi Min Mat Fac Low Low Dat Pro Fac Fac Slots Evolved 10 | . . . . . 4 2 . . . . 2 2 Power 1 | . . . . . . 1 . . . . . . Propulsion 3 | . . . . . 2 . . . . . 1 . Utility 6 | . . . . . 2 1 . . . . 1 2 Weapon . | . . . . . . . . . . . . . Parts Attached 211 | 7 12 3 . 5 50 84 5 7 . 7 8 23 Power 25 | 1 1 . . . 3 10 3 2 . . 2 3 Engine 12 | 1 1 . . . 1 2 2 2 . . 1 2 Core 13 | . . . . . 2 8 1 . . . 1 1 Reactor . | . . . . . . . . . . . . . Propulsion 46 | 2 2 1 . 1 16 19 . . . . 1 4 Treads 13 | 2 2 1 . 1 7 . . . . . . . Leg . | . . . . . . . . . . . . . Wheel 2 | . . . . . . 2 . . . . . . Hover 19 | . . . . . 9 10 . . . . . . Flight 12 | . . . . . . 7 . . . . 1 4 Utility 65 | 2 4 1 . 2 16 25 . 1 . 3 3 8 Device 24 | 1 . . . 1 4 10 . . . 2 2 4 Storage 8 | 1 2 . . . 1 3 . . . . . 1 Processor 4 | . . . . . . 2 . . . . . 2 Hackware 8 | . . . . . 2 5 . . . . 1 . Protection 21 | . 2 1 . 1 9 5 . 1 . 1 . 1 Artifact . | . . . . . . . . . . . . . Weapon 75 | 2 5 1 . 2 15 30 2 4 . 4 2 8 Energy Gun 19 | . 2 . . . 3 10 1 . . 1 . 2 Energy Cannon 4 | . . . . . . 1 . . . . 1 2 Ballistic Gun 20 | 2 2 1 . 1 6 5 . . . . . 3 Ballistic Cannon 1 | . 1 . . . . . . . . . . . Launcher 13 | . . . . 1 4 5 1 2 . . . . Special Weapon 6 | . . . . . 2 4 . . . . . . Impact Weapon 3 | . . . . . . . . 1 . 1 1 . Slashing Weapon 6 | . . . . . . 4 . 1 . . . 1 Piercing Weapon 3 | . . . . . . 1 . . . 2 . . Special Melee Weapon . | . . . . . . . . . . . . . Unidentified Prototypes 11 | . . . . . 5 5 . . . . . 1 Parts Lost 59 | . 3 . . . 9 19 4 1 . 1 . 22 Power 14 | . 1 . . . 3 4 2 . . . . 4 Propulsion 21 | . . . . . 4 9 . . . . . 8 Utility 13 | . . . . . 1 4 1 . . . . 7 Weapon 11 | . 2 . . . 1 2 1 1 . 1 . 3 Highest Loss Streak 14 | . 1 . . . 3 6 4 1 . 1 . 14 To Critical Strikes 1 | . . . . . . . . 1 . . . . Average Slot Usage (%) 95 | . 99 100 100 97 99 91 97 84 84 84 89 79 Engine 6 | . 14 14 14 14 3 . . 7 7 7 6 6 Core 4 | . . . . . 5 12 12 . . . 3 3 Treads 12 | . 28 28 28 25 12 . . . . . . . Hover 10 | . . . . . 23 17 . . . . . . Flight 6 | . . . . . . 6 30 30 30 30 33 22 Device 2 | . 3 . . . . 4 6 . . 4 6 11 Storage 9 | . 14 14 14 14 9 7 7 7 7 7 6 3 Hackware 11 | . . . . . 12 21 23 23 23 23 20 14 Protection 9 | . 10 14 14 14 14 1 . 7 7 2 6 3 Energy Gun 7 | . 12 14 14 14 9 2 5 . . . . . Ballistic Gun 6 | . 11 6 14 13 7 2 . . . . . . Ballistic Cannon 1 | . 4 7 . . . . . . . . . . Slashing Weapon 2 | . . . . . . 6 7 7 7 1 . . Naked Turns . | . . . . . . . . . . . . . Heaviest Build 100 | 13 92 92 91 93 100 58 41 47 29 33 37 64 Greatest Support 80 | 40 40 40 40 40 80 28 28 28 20 20 25 35 Greatest Overweight (x) 4 | 1 2 2 2 4 4 4 2 2 1 1 1 4 Average Overweight (x) 1 | . . 2 2 2 2 1 1 1 1 1 1 . Largest Inventory Capacity 25 | 8 25 25 25 25 25 25 15 15 15 15 15 15 Average Capacity 19 | 6 12 25 25 25 25 13 15 15 15 15 15 11 Most Carried 25 | 5 15 17 18 25 25 23 15 15 15 15 14 15 Average Carried 17 | 2 11 15 17 24 24 13 14 14 15 14 13 10 Final Capacity 25 | 8 25 25 25 25 25 15 15 15 15 15 15 5 Final Carried 25 | 5 15 17 18 25 24 14 14 15 15 15 14 5 Class Distribution -------------------- 41% | Mutant 38% | Hacker-Mutant 19% | Scavenger-Mutant Dominant Class ---------------- Mutant | -10/Materials Mutant | -10/Mines Mutant | -10/Exiles Mutant | -9/Mines Hacker-Mutant | -8/Materials Hacker-Mutant | -7/Factory Hacker-Mutant | -7/Lower Caves Hacker-Mutant | -7/Lower Caves Hacker-Mutant | -7/Data Miner Hacker-Mutant | -6/Proximity Caves Hacker-Mutant | -6/Factory Hacker-Mutant | -5/Factory Resources | -11 -10 -10 -10 -9 -8 -7 -7 -7 -7 -6 -6 -5 ----------- Run | Yrd Mat Min Exi Min Mat Fac Low Low Dat Pro Fac Fac Matter Collected 4014 | 324 348 134 . 108 1277 1117 177 267 . 244 . 18 Remotely . | . . . . . . . . . . . . . Salvage Created 4919 | 162 715 200 . 133 1440 1752 178 141 . . 19 179 Parts 318 | 9 59 22 . 11 92 102 5 10 . . 1 7 Haulers Intercepted 11 | . 2 . . . 6 3 . . . . . . Recyclers Shooed 3 | . . . . . 2 1 . . . . . . Parts Field Recycled . | . . . . . . . . . . . . . Retrieved Matter . | . . . . . . . . . . . . . Parts Self-Destructed 21 | . . . . . . . 4 5 . 12 . . Prevented . | . . . . . . . . . . . . . Kills | -11 -10 -10 -10 -9 -8 -7 -7 -7 -7 -6 -6 -5 ------- Run | Yrd Mat Min Exi Min Mat Fac Low Low Dat Pro Fac Fac Combat Hostiles Destroyed 104 | . 16 8 . 4 28 24 6 8 . . . 10 Melee 5 | . . . . . . 4 . 1 . . . . Guns 44 | . 16 6 . 1 12 5 1 . . . . 3 Cannons 2 | . . 2 . . . . . . . . . . AOE 53 | . . . . 3 16 15 5 7 . . . 7 Classes Destroyed 17 | 3 5 1 . 1 1 2 1 2 . . . 1 Worker 11 | 2 . 1 . . 3 5 . . . . . . Builder 16 | . . . . . 3 13 . . . . . . Tunneler 4 | 1 . 1 . 1 . 1 . . . . . . Hauler 11 | . 2 . . . 6 3 . . . . . . Recycler 10 | 1 . . . 1 2 6 . . . . . . Minesweeper 2 | . . . . . . . . 2 . . . . Mechanic 1 | . . . . . . . . . . . . 1 Operator 5 | . 2 . . . 2 . . . . . 1 . Watcher 8 | . 2 . . . 3 3 . . . . . . Swarmer 39 | . 3 6 . 3 9 10 . . . . . 8 Grunt 41 | . 13 . . . 11 10 5 2 . . . . Brawler 1 | . . . . . . . 1 . . . . . Duelist 1 | . . . . 1 . . . . . . . . Sentry 11 | . . 2 . . 8 1 . . . . . . Specialist 1 | . . . . . . 1 . . . . . . Programmer 4 | . . . . . . 2 . . . . . 2 Savage 4 | . . . . . . . . 4 . . . . Butcher 1 | . . . . . . . . 1 . . . . Mutant 1 | . . . . . . . . 1 . . . . Best Kill Streak 10 | 2 6 3 . 3 10 7 4 3 . . 1 7 Combat Bots Only 7 | . 6 3 . 3 6 6 4 3 . . . 7 Max Kills in Single Turn 7 | 1 1 1 . 3 3 3 1 1 . . 1 7 Gunslinging . | . . . . . . . . . . . . . Exploded 7 | . . . . 3 3 3 1 1 . . . 7 Melee 1 | . . . . . . 1 . 1 . . . . Uniques/NPCs Destroyed . | . . . . . . . . . . . . . Combat | -11 -10 -10 -10 -9 -8 -7 -7 -7 -7 -6 -6 -5 -------- Run | Yrd Mat Min Exi Min Mat Fac Low Low Dat Pro Fac Fac Hostile Shots Fired 690 | . 79 37 . 7 95 160 27 13 . 13 . 259 Missed 226 | . 24 8 . . 24 46 14 6 . 7 . 97 Damage Taken 7668 | . 650 318 . 165 1047 1849 342 204 . 68 . 3025 Core 1890 | . 134 81 . . 157 383 99 13 . 10 . 1013 Absorbed by Shields 16 | . . . . . . . . . . . . 16 Redirected to Shielding 153 | . . . . . 39 . . . . . . 114 Ignored by Resistances 95 | . . . . . . . . . . . . 95 Regen/Repaired (Parts) 161 | . . . . . . 112 . . . . . 49 Core Remaining (%) 62 | 100 . . . 14 71 . . . . 27 100 . Volleys Fired 354 | 9 68 21 . 9 114 87 12 19 . . . 15 Largest 2 | 2 2 2 . 2 2 1 1 1 . . . 1 Hottest 91 | 40 91 91 . 80 89 55 55 39 . . . 81 Shots Fired 530 | 18 136 44 . 17 180 89 12 19 . . . 15 Gun 439 | 18 127 28 . 16 158 74 4 . . . . 14 Cannon 26 | . 9 16 . . . . . . . . . 1 Launcher 60 | . . . . 1 20 12 8 19 . . . . Special 5 | . . . . . 2 3 . . . . . . Kinetic 245 | 18 93 23 . 8 64 31 . . . . . 8 Thermal 172 | . 43 21 . 8 94 . . . . . . 6 Explosive 60 | . . . . 1 20 12 8 19 . . . . Electromagnetic 48 | . . . . . . 43 4 . . . . 1 Robot Hit Streak 13 | 8 7 13 . 5 12 9 2 3 . . . 3 Robot Miss Streak 5 | 1 4 3 . 5 5 5 2 2 . . . 2 Penetration Max 1 | . . . . . 1 1 . . . . . . Secondary Targets . | . . . . . . . . . . . . . Shots Hit Robots 368 | 12 79 24 . 11 117 94 4 14 . . 1 12 Core Hits 253 | 4 37 14 . 9 73 65 13 24 . . 1 13 Critical Kills . | . . . . . . . . . . . . . Critical Parts Destroyed . | . . . . . . . . . . . . . Critical Strikes 16 | . 3 4 . 3 2 3 . 1 . . . . Burn 12 | . 3 4 . 3 2 . . . . . . . Sever 4 | . . . . . . 3 . 1 . . . . Melee Attacks 120 | . . . . . . 82 . 9 . 4 13 12 Impact 18 | . . . . . . . . . . 2 10 6 Slashing 78 | . . . . . . 63 . 9 . . . 6 Piercing 24 | . . . . . . 19 . . . 2 3 . Sneak Attacks 27 | . . . . . . 24 . 1 . . 1 1 Combat Hostiles . | . . . . . . . . . . . . . Follow-up Attacks 1 | . . . . . . 1 . . . . . . Damage Inflicted 14533 | 162 1050 422 . 338 3511 4767 656 1832 . . 46 1749 Guns 4926 | 162 955 311 . 255 1818 1152 32 . . . . 241 Cannons 241 | . 95 111 . . . . . . . . . 35 Explosions 6975 | . . . . 83 1693 1539 624 1656 . . . 1380 Melee 2391 | . . . . . . 2076 . 176 . . 46 93 Ramming . | . . . . . . . . . . . . . Kinetic 2547 | 162 656 202 . 153 738 525 . . . . . 111 Thermal 3424 | . 394 220 . 102 1080 118 . . . . . 1510 Explosive 5477 | . . . . 83 1693 1421 624 1656 . . . . Electromagnetic 694 | . . . . . . 627 32 . . . . 35 Impact 93 | . . . . . . . . . . . . 93 Slashing 1920 | . . . . . . 1744 . 176 . . . . Piercing 378 | . . . . . . 332 . . . . 46 . Highest Corruption 10 | . 1 1 1 1 10 4 . 4 4 4 . 6 Average Corruption 4 | . 1 1 1 1 7 3 . 4 4 3 . 3 Corruption Purged 5 | . . . . . . 4 . . . 1 . . Corruption Blocked . | . . . . . . . . . . . . . Effects 221 | . 3 14 3 13 151 14 . 4 2 10 . 7 Message Errors 50 | . . 4 . 2 33 4 . . . 3 . 4 Matter Fused 59 | . 2 1 . 5 43 2 . 2 2 1 . 1 Heat Flow Errors 19 | . . 2 1 2 10 2 . 1 . 1 . . Energy Discharges 29 | . 1 2 1 . 21 1 . . . 2 . 1 Parts Rejected 1 | . . . . . . . . 1 . . . . Parts Fused 3 | . . . . 1 1 . . . . 1 . . Data Loss (minor) 31 | . . 1 . 1 25 3 . . . 1 . . Data Loss (major) 14 | . . 2 1 2 7 . . . . 1 . 1 Misfires 10 | . . 2 . . 6 2 . . . . . . Alerts 1 | . . . . . 1 . . . . . . . Weapon Failures 4 | . . . . . 4 . . . . . . . Overload Shots . | . . . . . . . . . . . . . Overflow Damage 840 | . 2 . . . 86 295 43 17 . . . 397 Projectiles 2 | . 2 . . . . . . . . . . . Explosions 518 | . . . . . 86 18 43 17 . . . 354 Melee 320 | . . . . . . 277 . . . . . 43 Knockbacks 3 | . 1 1 . . . . . . . . . 1 Impact 1 | . . . . . . . . . . . . 1 Kinetic 2 | . 1 1 . . . . . . . . . . Secondary . | . . . . . . . . . . . . . Self-Inflicted Damage 468 | . . . . . 84 17 31 33 . . . 303 Shots 14 | . . . . . 3 1 2 3 . . . 5 Rammed . | . . . . . . . . . . . . . Targets Rammed . | . . . . . . . . . . . . . Kicked . | . . . . . . . . . . . . . Crushed . | . . . . . . . . . . . . . Highest Temperature 573 | . 219 201 104 153 281 573 88 161 . 103 . 158 Average Temperature 70 | . 58 80 55 66 62 102 24 43 . 53 . 51 Received Heat Transfer 1731 | . 372 81 . 18 333 351 102 63 . 12 . 399 Effects 9 | . . . . . 1 8 . . . . . . Shutdowns 4 | . . . . . . 4 . . . . . . Energy Bleed 3 | . . . . . 1 2 . . . . . . Matter Decay 1 | . . . . . . 1 . . . . . . Short Circuit 1 | . . . . . . 1 . . . . . . Siege Activations . | . . . . . . . . . . . . . Robots Corrupted . | . . . . . . . . . . . . . Combat Hostiles . | . . . . . . . . . . . . . Parts Fried 3 | . . . . . . 1 . . . . . 2 Impact Corruptions 2 | . . . . . . . . . . . . 2 Robots Melted . | . . . . . . . . . . . . . Combat Hostiles . | . . . . . . . . . . . . . Parts Melted 7 | . . 1 . 2 2 1 . . . . . 1 Heat Transferred 6367 | . 1221 851 . 481 2664 100 . . . . . 1050 Parts Sabotaged . | . . . . . . . . . . . . . Parts Stolen . | . . . . . . . . . . . . . Parts Stripped . | . . . . . . . . . . . . . Power Chain Reactions 2 | . . . . . . 2 . . . . . . Alert | -11 -10 -10 -10 -9 -8 -7 -7 -7 -7 -6 -6 -5 ------- Run | Yrd Mat Min Exi Min Mat Fac Low Low Dat Pro Fac Fac Peak Influence 499 | 20 379 165 . 94 474 417 . . . . 499 415 Initial 450 | . 13 5 . . . 132 . . . . 450 244 Average 199 | 5 146 44 . 34 311 199 . . . . 461 297 Maximum Alert Level 2 | . 1 . . . 2 2 . . . . 2 2 Low Security (%) 50 | 100 72 100 . 100 3 63 . . . . . 2 Level 1 40 | . 27 . . . 80 25 . . . . . 93 Level 2 9 | . . . . . 15 10 . . . . 100 4 Level 3 . | . . . . . . . . . . . . . Level 4 . | . . . . . . . . . . . . . Level 5 . | . . . . . . . . . . . . . High Security . | . . . . . . . . . . . . . Max Security . | . . . . . . . . . . . . . Squads Dispatched 31 | . 4 . . . 6 17 . . . . 2 2 Investigation 13 | . 2 . . . 3 6 . . . . . 2 Extermination 3 | . . . . . . 3 . . . . . . Reinforcement 14 | . 2 . . . 2 8 . . . . 2 . Assault . | . . . . . . . . . . . . . Garrison 1 | . . . . . 1 . . . . . . . Intercept . | . . . . . . . . . . . . . Searches Triggered . | . . . . . . . . . . . . . Construction Impeded 4 | . . . . . . 4 . . . . . . Haulers Reinforced 2 | . . . . . . 2 . . . . . . Active Scanning Responses . | . . . . . . . . . . . . . Cargo Convoy Interrupts . | . . . . . . . . . . . . . Stealth | -11 -10 -10 -10 -9 -8 -7 -7 -7 -7 -6 -6 -5 --------- Run | Yrd Mat Min Exi Min Mat Fac Low Low Dat Pro Fac Fac Distress Signals 9 | . 5 . . . 4 . . . . . . . Communications Jammed 4 | . . . . . . . . . . . 1 3 Distress Signals 4 | . . . . . . . . . . . 1 3 Times Spotted 186 | . 30 7 . 3 49 44 10 9 . 5 2 27 Peak Tracking Total 12 | . 7 3 . 3 6 4 5 6 . 3 1 12 Tactical Retreats 12 | . 2 1 . . 4 3 1 . . . . 1 Traps | -11 -10 -10 -10 -9 -8 -7 -7 -7 -7 -6 -6 -5 ------- Run | Yrd Mat Min Exi Min Mat Fac Low Low Dat Pro Fac Fac Traps Triggered 12 | . 3 . . . 3 2 . . . . 2 2 Indirectly . | . . . . . . . . . . . . . Trap Hack Attempts . | . . . . . . . . . . . . . Triggered . | . . . . . . . . . . . . . Disarmed . | . . . . . . . . . . . . . Reprogrammed . | . . . . . . . . . . . . . Reused . | . . . . . . . . . . . . . Traps Extracted . | . . . . . . . . . . . . . Installed . | . . . . . . . . . . . . . Triggered 2 | . . . . . . . 1 1 . . . . Machines | -11 -10 -10 -10 -9 -8 -7 -7 -7 -7 -6 -6 -5 ---------- Run | Yrd Mat Min Exi Min Mat Fac Low Low Dat Pro Fac Fac Machines Disabled 12 | . 1 . . 1 4 . . . . . . 6 Max in Single Turn 6 | . 1 . . 1 1 . . . . . . 6 Garrison Access 5 | . . . . . 1 2 . . . . 1 1 Machines Repaired . | . . . . . . . . . . . . . Machines Dismantled . | . . . . . . . . . . . . . Machines Sabotaged . | . . . . . . . . . . . . . Overloaded Fab Kills . | . . . . . . . . . . . . . Hacking | -11 -10 -10 -10 -9 -8 -7 -7 -7 -7 -6 -6 -5 --------- Run | Yrd Mat Min Exi Min Mat Fac Low Low Dat Pro Fac Fac Machines Accessed 46 | . . 1 1 . 15 17 1 . 4 . 2 5 Terminals 26 | . . 1 . . 11 10 1 . . . 1 2 Fabricators 2 | . . . . . . 1 . . . . . 1 Repair Stations 3 | . . . . . . 2 . . . . . 1 Recycling Units 1 | . . . . . 1 . . . . . . . Scanalyzers 4 | . . . . . 2 2 . . . . . . Garrison Access 5 | . . . . . 1 2 . . . . 1 1 Total Hacks 170 | . . 1 1 . 58 59 1 . 32 . 6 12 Successful 130 | . . . 1 . 46 40 1 . 32 . 3 7 Failed 39 | . . 1 . . 12 18 . . . . 3 5 Catastrophic 3 | . . . . . . 3 . . . . . . Database Lockouts 1 | . . . . . . 1 . . . . . . Manual 68 | . . 1 1 . 28 30 . . . . 4 4 Terminals 70 | . . 1 . . 29 30 1 . . . 4 5 Fabricators 5 | . . . . . . 3 . . . . . 2 Repair Stations 12 | . . . . . . 8 . . . . . 4 Recycling Units 1 | . . . . . 1 . . . . . . . Scanalyzers 42 | . . . . . 27 15 . . . . . . Garrison Access 7 | . . . . . 1 3 . . . . 2 1 Terminal Hacks 47 | . . . 1 . 6 7 1 . 32 . . . Record 12 | . . . . . . . 1 . 11 . . . Part Schematic 15 | . . . . . . 2 . . 13 . . . Robot Schematic 5 | . . . . . . . . . 5 . . . Prototype ID Bank 3 | . . . . . . . . . 3 . . . Terminal Index 1 | . . . . . 1 . . . . . . . Alert Level 2 | . . . . . 2 . . . . . . . Unreport Threat 3 | . . . . . 2 1 . . . . . . Recall Investigation 2 | . . . . . 1 1 . . . . . . Recall Extermination 1 | . . . . . . 1 . . . . . . Recall Reinforcements 1 | . . . . . . 1 . . . . . . Zone Layout 1 | . . . . . . 1 . . . . . . Derelict Proto ID Bank 1 | . . . 1 . . . . . . . . . Fabricator Hacks 4 | . . . . . . 2 . . . . . 2 Load Schematic 2 | . . . . . . 1 . . . . . 1 Build 2 | . . . . . . 1 . . . . . 1 Repair Station Hacks 10 | . . . . . . 8 . . . . . 2 Scan Component 5 | . . . . . . 4 . . . . . 1 Repair 5 | . . . . . . 4 . . . . . 1 Recycling Unit Hacks 1 | . . . . . 1 . . . . . . . Retrieve Components 1 | . . . . . 1 . . . . . . . Scanalyzer 39 | . . . . . 27 12 . . . . . . Insert Component 17 | . . . . . 12 5 . . . . . . Analyze 22 | . . . . . 15 7 . . . . . . Garrison Access Hacks 5 | . . . . . 1 2 . . . . 1 1 Seal Access 5 | . . . . . 1 2 . . . . 1 1 Unauthorized Hacks 24 | . . . . . 11 9 . . . . 2 2 Terminals 24 | . . . . . 11 9 . . . . 2 2 Assimilate 1 | . . . . . . . . . . . 1 . Botnet 23 | . . . . . 11 9 . . . . 1 2 Fabricators . | . . . . . . . . . . . . . Repair Stations . | . . . . . . . . . . . . . Recycling Units . | . . . . . . . . . . . . . Scanalyzers . | . . . . . . . . . . . . . Garrison Access . | . . . . . . . . . . . . . Data Cores Recovered 1 | . . . . . 1 . . . . . . . Used . | . . . . . . . . . . . . . Hacking Detections 27 | . . 1 . . 9 12 . . . . 1 4 Full Trace Events 11 | . . . . . 3 6 . . . . . 2 Feedback Events . | . . . . . . . . . . . . . Feedback Blocked . | . . . . . . . . . . . . . Robot Schematics Acquired 5 | . . . . . . . . . 5 . . . Robots Built . | . . . . . . . . . . . . . Authchips . | . . . . . . . . . . . . . Time . | . . . . . . . . . . . . . Total Robot Build Rating . | . . . . . . . . . . . . . Part Schematics Acquired 30 | . . . . . 11 6 . . 13 . . . Parts Built 2 | . . . . . . 1 . . . . . 1 Authchips . | . . . . . . . . . . . . . Time 143 | . . . . . . 67 . . . . . 76 Total Part Build Rating 9 | . . . . . . 4 . . . . . 5 Parts Repaired 5 | . . . . . . 4 . . . . . 1 Time 202 | . . . . . . 167 . . . . . 35 Parts Recycled . | . . . . . . . . . . . . . Recycled Matter . | . . . . . . . . . . . . . Retrieved Matter . | . . . . . . . . . . . . . Retrieved Components 10 | . . . . . 10 . . . . . . . Parts Scanalyzed 15 | . . . . . 11 4 . . . . . . Part Schematics Acquired 15 | . . . . . 11 4 . . . . . . Parts Damaged 2 | . . . . . 1 1 . . . . . . Bothacking | -11 -10 -10 -10 -9 -8 -7 -7 -7 -7 -6 -6 -5 ------------ Run | Yrd Mat Min Exi Min Mat Fac Low Low Dat Pro Fac Fac Used RIF Installer . | . . . . . . . . . . . . . Robots Hacked . | . . . . . . . . . . . . . Non-combat . | . . . . . . . . . . . . . Combat . | . . . . . . . . . . . . . Robot Hacks Applied . | . . . . . . . . . . . . . Relay Couplers Released . | . . . . . . . . . . . . . Fabnet Peak Effective % . | . . . . . . . . . . . . . Robots Rewired 2 | . . . . . . . . 2 . . . . Allies Hacked . | . . . . . . . . . . . . . Hacks Repelled . | . . . . . . . . . . . . . Allies | -11 -10 -10 -10 -9 -8 -7 -7 -7 -7 -6 -6 -5 -------- Run | Yrd Mat Min Exi Min Mat Fac Low Low Dat Pro Fac Fac Total Allies 11 | . . 3 . . 2 3 . 2 . 1 . . Largest Group 3 | . . 3 3 1 1 2 . 2 2 3 . . Highest-Rated Group 158 | . . 40 40 16 90 90 . 62 62 158 . . Highest-Rated Ally 96 | . . 16 16 16 90 90 . 31 31 96 . . Total Orders . | . . . . . . . . . . . . . Ally Attacks 139 | . . . . 7 49 21 . 12 . 50 . . Total Damage 3242 | . . . . 76 1214 698 . 231 . 1023 . . Kills 27 | . . . . 2 12 5 . 1 . 7 . . Allies Corrupted . | . . . . . . . . . . . . . Allies Melted 2 | . . . . . 1 . 1 . . . . . Field Lobotomies 5 | . . . . . 2 3 . . . . . . Intel | -11 -10 -10 -10 -9 -8 -7 -7 -7 -7 -6 -6 -5 ------- Run | Yrd Mat Min Exi Min Mat Fac Low Low Dat Pro Fac Fac Robot Analysis Total . | . . . . . . . . . . . . . Derelict Logs Recovered 6 | . . 2 . 1 . . 1 . . 2 . . Drone Launches . | . . . . . . . . . . . . . Drone Recoveries . | . . . . . . . . . . . . . Exploration | -11 -10 -10 -10 -9 -8 -7 -7 -7 -7 -6 -6 -5 ------------- Run | Yrd Mat Min Exi Min Mat Fac Low Low Dat Pro Fac Fac Turns Passed 16915 | 150 1626 1586 737 1654 4542 3932 427 720 85 535 254 667 Spaces Moved 9669 | 72 823 473 231 472 1749 3296 416 696 94 554 228 565 Core 13 | 10 . . . . . . . . . . . 3 Treads 2611 | 62 823 473 231 472 550 . . . . . . . Legs . | . . . . . . . . . . . . . Wheels 721 | . . . . . . 721 . . . . . . Hover 3238 | . . . . . 1199 2039 . . . . . . Flight 3086 | . . . . . . 536 416 696 94 554 228 562 Fastest Speed 14 | 50 160 320 320 320 228 48 14 79 91 91 88 30 Average Speed 154 | 149 166 320 320 342 234 96 94 91 91 91 88 87 Slowest Speed 480 | 160 320 320 320 480 292 180 156 156 91 91 88 292 Overloaded Moves 361 | . . . . . . 73 22 28 . . . 238 Propulsion Burnouts . | . . . . . . . . . . . . . Robots Hopped 1 | . . . . . . . . . . . . 1 Cave-ins Triggered 1 | . . . . . . . . . . . . 1 Exploration Rate (%) 65 | 5 95 97 61 99 99 51 78 87 74 73 7 19 Regions Visited 12 Branch Regions 7 Pre-discovered Areas 2 | . . . . . . . . . 1 1 . . Known Exits Taken 2 | . . 1 . . 1 . . . . . . . Unknown Exits Taken 10 | 1 1 . 1 1 . 1 1 1 1 1 1 . Scrap Searched 10 | . . 3 . 2 . . 2 1 . 2 . . Spaces Dug 66 | . . . . . . 29 . 15 . 2 10 10 Terrain Destroyed 627 | . . . . 10 145 138 85 173 . 2 10 64 Melee 51 | . . . . . . 29 . . . 2 10 10 Projectile 6 | . . . . . 1 1 . . . . . 4 AOE 570 | . . . . 10 144 108 85 173 . . . 50 Terrain Rammed . | . . . . . . . . . . . . . Walls Destroyed . | . . . . . . . . . . . . . Machines Disabled . | . . . . . . . . . . . . . Actions | -11 -10 -10 -10 -9 -8 -7 -7 -7 -7 -6 -6 -5 --------- Run | Yrd Mat Min Exi Min Mat Fac Low Low Dat Pro Fac Fac Total 10966 | 93 953 505 231 496 2034 3828 438 746 93 579 265 705 Wait 285 | . 15 1 . . 25 171 . . . 7 14 52 Move 9655 | 71 822 472 230 471 1748 3295 415 695 93 553 227 563 Hop 1 | . . . . . . . . . . . . 1 Pick Up 164 | 6 21 5 1 9 49 53 2 3 . 4 2 9 Fast Attach 55 | 6 3 . . . 5 26 1 3 . 1 3 7 Attach 68 | 1 3 . . 2 14 22 2 3 . 2 4 15 Detach 23 | . . . . 1 2 9 2 2 . 1 1 5 Swap 88 | . 6 3 . 3 31 36 2 1 . 4 1 1 Drop 131 | . 15 3 . 1 46 50 2 2 . 3 . 9 Fire 354 | 9 68 21 . 9 114 87 12 19 . . . 15 Melee 117 | . . . . . . 79 . 9 . 4 13 12 Ram . | . . . . . . . . . . . . . Kick . | . . . . . . . . . . . . . Crush . | . . . . . . . . . . . . . Escape Stasis 16 | . . . . . . . . . . . . 16 Rewire 9 | . . . . . . . . 9 . . . . Trap . | . . . . . . . . . . . . . Miscellaneous . | . . . . . . . . . . . . . Route ------- -11/Scrapyard -10/Materials (discovered 4 exits: [*Mat x3] / *Min) -10/Mines (discovered 3 exits: [*Mat x2] / *Exi) -10/Exiles -9/Mines (discovered 2 exits: *Mat x2) -8/Materials (discovered 5 exits: *Fac x3 / [*Sto x2]) -7/Factory (discovered 2 exits: *Fac / *Low) -7/Lower Caves -7/Lower Caves (discovered 2 exits: *Fac / *Dat) -7/Data Miner -6/Proximity Caves -6/Factory -5/Factory History --------- Turn | Location | Event 23 | -11/Scrapyard | Discovered new exit (range 16) 151 | -11/Scrapyard | Entered Materials 323 | -10/Materials | Build established: Mutant 594 | -10/Materials | Discovered new exit (range 8) 667 | -10/Materials | Discovered new exit (range 14) 1227 | -10/Materials | Discovered new exit (range 9) 1415 | -10/Materials | Discovered new exit (range 6) 1478 | -10/Materials | Core integrity fell below 50% 1777 | -10/Materials | Entered Mines 2076 | -10/Mines | Discovered new exit (range 4) 2287 | -10/Mines | A weapon hastily lodged in a ceiling crevice suddenly fell to the ground 2476 | -10/Mines | Learned Materials garrison access intel 2489 | -10/Mines | Identified exit to Exiles 2620 | -10/Mines | Core integrity fell below 20% 2847 | -10/Mines | Discovered new exit (range 13) 2866 | -10/Mines | Assisted by bots powering up and referring to "LRC-V3" 2968 | -10/Mines | Found a damaged Exp. Sensor Array with a note attached 2975 | -10/Mines | Found Prototype Device 3347 | -10/Mines | Deemed a non-threat by the Exiles lab entrance 3363 | -10/Mines | Entered Exiles 3363 | -10/Exiles | Accompanied by 3 allies 3440 | -10/Exiles | Met 8R-AWN 3498 | -10/Exiles | Met EX-HEX 3584 | -10/Exiles | Met EX-BIN 3639 | -10/Exiles | Aligned with FarCom system 3642 | -10/Exiles | Given EX-Vault access code 3719 | -10/Exiles | Opened EX-Vault 3741 | -10/Exiles | Found Field Lobotomy Kit 3806 | -10/Exiles | Warned to stay clear of 0b10 Research branches 3902 | -10/Exiles | Met EX-DEC 4075 | -10/Exiles | Discovered new exit (range 10) 4100 | -10/Exiles | Left Exiles lab with Field Lobotomy Kit 4100 | -10/Exiles | Entered Mines 4100 | -9/Mines | Accompanied by 3 allies 4446 | -9/Mines | Discovered new exit (range 7) 4462 | -9/Mines | Received a Rocket Launcher from a helpful Derelict 4624 | -9/Mines | Discovered new exit (range 7) 5285 | -9/Mines | Learned 2 Materials zone layouts 5337 | -9/Mines | Found a hidden stash of uninstalled traps 5754 | -9/Mines | Entered Materials 5754 | -8/Materials | Accompanied by 1 ally 5754 | -8/Materials | Evolved 4 slots: Propulsion x2, Utility x2 5755 | -8/Materials | Identified exit to Factory 5756 | -8/Materials | Loaded intel: 1 garrison access location 5756 | -8/Materials | Identified Exp. Sensor Array 6083 | -8/Materials | Build established: Scavenger-Mutant 6268 | -8/Materials | Garrison activated, responded to threat 6342 | -8/Materials | Discovered new exit (range 11) 6384 | -8/Materials | Assimilated H-55 Commando with FLK Orb 6394 | -8/Materials | Lost 3 parts (1p1n1w) 6833 | -8/Materials | Assimilated H-61 Shepherd with FLK Orb 7009 | -8/Materials | Discovered new exit (range 16) 7646 | -8/Materials | Build established: Mutant 7725 | -8/Materials | Discovered exit to Factory (range 16) 7949 | -8/Materials | System corruption reached 10% 8809 | -8/Materials | Build established: Hacker-Mutant 9036 | -8/Materials | Discovered exit to Factory (range 16) 10296 | -8/Materials | Entered Factory 10296 | -7/Factory | Evolved 2 slots: Power x1, Utility x1 10599 | -7/Factory | Discovered new exit (range 4) 10911 | -7/Factory | Lost 3 parts (2n1u) 10975 | -7/Factory | Build established: Scavenger-Mutant 11480 | -7/Factory | Repaired Broken Transmission Jammer 11552 | -7/Factory | Assimilated H-55 Commando with FLK Orb 11659 | -7/Factory | Lost 6 parts (2p2n1u1w) 11877 | -7/Factory | Assimilated Y-54 Guardian with FLK Orb 11929 | -7/Factory | Build established: Hacker-Mutant 12128 | -7/Factory | Lost 5 parts (2n2u1w) 12341 | -7/Factory | Repaired Structural Scanner 12468 | -7/Factory | Discovered new exit (range 13) 12470 | -7/Factory | Assimilated H-61 Shepherd with FLK Orb 13236 | -7/Factory | Repaired Broken Structural Scanner? 13542 | -7/Factory | Build established: Scavenger-Mutant 13620 | -7/Factory | Core integrity fell below 50% 13800 | -7/Factory | Fabricated Cld. VTOL Module (x1) 13900 | -7/Factory | Build established: Hacker-Mutant 14046 | -7/Factory | Central database locked down 14110 | -7/Factory | Repaired Greatsword 14228 | -7/Factory | Entered Lower Caves 14246 | -7/Lower Caves | Encountered a Warlord checkpoint 14368 | -7/Lower Caves | Learned Factory terminal intel 14630 | -7/Lower Caves | Spotted B-75 Beast 14639 | -7/Lower Caves | Discovered new exit (range 14) 14655 | -7/Lower Caves | Entered another Lower Caves area 14657 | -7/Lower Caves | Discovered new exit (range 9) 14675 | -7/Lower Caves | Lost 4 parts (2p1u1w) 15068 | -7/Lower Caves | Attacked by a faux Warlord 15332 | -7/Lower Caves | Discovered new exit (range 9) 15375 | -7/Lower Caves | Entered Data Miner 15375 | -7/Data Miner | Accompanied by 2 allies 15375 | -7/Data Miner | Discovered new exit (range 6) 15393 | -7/Data Miner | Met Data Miner 15410 | -7/Data Miner | Learned location of Section 7 (-2) 15410 | -7/Data Miner | Acquired the access code to Warlord's prototype stash 15427 | -7/Data Miner | Received God Mode back door access code from Data Miner 15460 | -7/Data Miner | Entered Proximity Caves 15460 | -6/Proximity Caves | Accompanied by 2 allies 15567 | -6/Proximity Caves | Escorted by Enhanced Grunt 15580 | -6/Proximity Caves | Attracted the attention of an 0b10 checkpoint 15606 | -6/Proximity Caves | Spotted B-75 Beast 15624 | -6/Proximity Caves | Allies destroyed B-75 Beast 15664 | -6/Proximity Caves | Spotter reported a threat 15677 | -6/Proximity Caves | Spotter reported a threat 15717 | -6/Proximity Caves | Spotter reported a threat 15781 | -6/Proximity Caves | Learned Factory garrison access intel 15977 | -6/Proximity Caves | Discovered new exit (range 15) 15995 | -6/Proximity Caves | Entered Factory 15995 | -6/Factory | Evolved 2 slots: Propulsion x1, Utility x1 15996 | -6/Factory | Loaded intel: 26 terminal locations 15997 | -6/Factory | Loaded intel: 2 garrison access locations 16244 | -6/Factory | Discovered new exit (range 6) 16249 | -6/Factory | Entered another Factory area 16249 | -5/Factory | Evolved 2 slots: Utility x2 16481 | -5/Factory | Repaired Cld. VTOL Module 16685 | -5/Factory | Destroyed 7 combat bots 16764 | -5/Factory | Lost 14 parts (2p5n4u3w) 16783 | -5/Factory | Spotted B-75 Beast 16826 | -5/Factory | Fabricated Biomechanical Wings (x1) 16839 | -5/Factory | Core integrity fell below 50% 16895 | -5/Factory | Lost 4 parts (2p1n1u) 16901 | -5/Factory | Crushed by falling debris 16901 | -5/Factory | Core integrity fell below 20% 16916 | -5/Factory | Destroyed by G-67 Veteran with Plasma Rifle Last Messages --------------- 16894_ Acquired Lrn. Proton Cannon. 16895_ System corrupted: Energy discharge (-25). 16898_ Hacking Suite destroyed. 16899_ Slug penetrates Wall. 16901_ The unstable cave ceiling collapses. 16901_ Crushed by falling debris. 16901_ Biomechanical Wings destroyed. 16901_ System corrupted by crushing effect (+3). 16902_ Cld. VTOL Module destroyed. 16902_ Dropped Greatsword. 16904_ Identified Hvy. Phase Cannon. 16906_ Slug penetrates Wall. 16908_ G-67 Veteran misfires. 16910_ Slug penetrates Wall. 16910_ System Shield destroyed. 16910_ Slug penetrates Wall. 16912_ Wall collapses. 16913_ D2JWDGL,|F:SG<2MI%U&Z6LG 16913_ Dropped Mic. Fission Core. 16914_ Penetrated by Slug. Map ----- +----------------------------------------------------+ | ?????????????????????????????????????????????????? | | ?????????????????????????????????????????????????? | | ?????????????????????????????????????????????????? | | ?????????????????????????????????????????????????? | | ?????????????????????????????????????????????????? | | ?????????????????????????????????????????????????? | | ?????????????????????????????????????????????????? | | ?????????????????????????????????????????????????? | | ?????????????????????????????????????????????????? | | ?????????????????????????????????????#########???? | | ?????????????????????????????????????# ##### | | ???????###??????????################## | | ??????? ????????? | | ??????? ????????? | | ??????? ????????? | | ???????# #??????????###############+## | | ???????# #???####????######?# # ##### | | ???????# #???# ???? #?# = ### #####???? | | ???????# #???# """"""" #?# ### ######### | | ???????# #???# """"""" #?# + | | ######## ##### """"""" #?# ###+######## | | # """"""" #?# ! ## #######+ | | #g #?# ## " # | | /g #?# ## T #""" | | Y #g #?# ## " #"R | | h ; @############# #""" | | #########+#### ]] /# #?????????# # "" | | ???# # g ] ###?????????# # | | ??## ! # g ] #???????????##"## | | ??#" ;#############????????????##?# """ | | ??## ##???????????????????????????# """ | | ???# #????????????????????????????# """ | | ???# #????????????????????????????# | | ???# #????????????????????????????# | | ???# #????????????????????????????######## | | ???###########???????????????????????############# | | ????????????????????????????????????# # | | ????????????????????????????????????# # | | ????????????????????????????????????# # | | ??????????????????????Y?????????????# # | | ????????????????????????????????????# # | | ????????????????????????????????????# # | | ????????????????????????????????????# # | | ""????????????????????????????????# # | | ""????????????????????????????????# # | | ""????????????????????????????????# # | | ? "???????????????????????? ????????# # | | ?? ?????????????????????? ???###??# # | | ####+####################+######T ############+### | | | +----------------------------------------------------+ Best States ------------- Heat Dissipation 40 Energy Generation 28 Energy Capacity 480 Matter Stores 300 Matter Capacity 300 Sight Range 16 Terrain Scan Range 16 Terrain Scan Density 85 Jamming Range 14 Armor Coverage 750 Resistance: EM 25 Propulsion Shielding 66 Utility Shielding 33 Weapon Shielding 33 Evasion (%) 64 Target Analysis 6 Recoil Reduction 4 Offensive Hacking 20 Defensive Hacking 20 Item Schematics ----------------- Airjet | -8/Materials | Scanalyzed Hacking Suite | -8/Materials | Scanalyzed System Shield | -8/Materials | Scanalyzed Hrd. Heavy Armor Plating | -8/Materials | Scanalyzed Graphene Brace | -8/Materials | Scanalyzed Adv. Weight Redist. System | -8/Materials | Scanalyzed Exp. Sensor Array | -8/Materials | Scanalyzed Hvy. Assault Cannon | -8/Materials | Scanalyzed Adv. Beam Rifle | -8/Materials | Scanalyzed Gauss Rifle | -8/Materials | Scanalyzed Lgt. Nuclear Core | -8/Materials | Scanalyzed System Restoration Module | -7/Factory | Scanalyzed Imp. VTOL Module | -7/Factory | Hacked Hvy. Rocket Launcher | -7/Factory | Scanalyzed Transmission Jammer | -7/Factory | Scanalyzed Structural Scanner | -7/Factory | Hacked Cld. VTOL Module | -7/Factory | Scanalyzed Combat Drone Bay | -7/Data Miner | Free Lgt. Regenerative Plating | -7/Data Miner | Free Biomechanical Wings | -7/Data Miner | Free Gravity Neutralizer | -7/Data Miner | Free Antimatter Cannon | -7/Data Miner | Free Arm. Medium Treads | -7/Data Miner | Free Recoil Nullifier | -7/Data Miner | Free Lrn. Proton Cannon | -7/Data Miner | Free Adv. Heat Sink | -7/Data Miner | Free Imp. Corruption Screen | -7/Data Miner | Free Adv. Shield Generator | -7/Data Miner | Free Phase Gun | -7/Data Miner | Free Hyp. Mass Driver | -7/Data Miner | Free Robot Schematics ------------------ M-28 Smith | -7/Data Miner | Free B-48 Gladiator | -7/Data Miner | Free S-27 Virus | -7/Data Miner | Free G-50 Soldier | -7/Data Miner | Free E-15 Imp | -7/Data Miner | Free Fabricated ------------ Cld. VTOL Module | x1 | -7/Factory Biomechanical Wings | x1 | -5/Factory Alien Tech Used ----------------- None Achievements -------------- Whoosh! Challenges ------------ None Game ------ Seed PoweredSurveybotPick Manual? 0 Play Time 02:49:41 Cumulative 77.0 hours Start 2024.04.18 @ 11:09:51 End 2024.04.18 @ 19:23:34 Sessions 3 Manual Loads 0 Difficulty Rogue Special Mode None Game No. 93 Rogue 93 Adventurer 0 Explorer 0 Win Type - Total 0 Types 0/0/0/0/0/0/0/0/0 Lore% 19 Gallery% 45 Achievement% 30 Wizard Run 0 Options --------- Layout 1 ASCII 0 Keyboard 1 Movement Vi Keybinds 0 Fullscreen 1 Font 24/Smallcaps Map View 50x35 Zoom Use 0% Tactical HUD 1 Map Filters NONE Filters NONE Steam 1 RUN: 3f86f1ce-cd8a-4c6b-87cd-78c4f56b6e58